 Dungeon Crawl Stone Soup version 0.29.1-4-g47bece8355 (webtiles) character file.

Game seed: 9968715197652440346

71 javelincjr the Grasshopper (level 4, -4/23 HPs)
             Began as a Spriggan Warper on Dec 6, 2022.
             Slain by a river rat (6 damage)
             ... in a sewer.
             The game lasted 00:22:21 (3313 turns).

javelincjr the Grasshopper (Spriggan Warper)        Turns: 3313, Time: 00:22:22

Health: -4/23      AC:  2    Str:  7    XL:     4   Next: 5%
Magic:  8/9        EV: 18    Int: 14    God:
Gold:   104        SH:  0    Dex: 16    Spells: 6/8 levels left

rFire   . . .      SeeInvis +   p - +1 quarterstaff (holy)
rCold   . . .      Faith    .   (shield currently unavailable)
rNeg    . . .      Spirit   .   b - +0 robe
rPois   .          Reflect  .   (helmet restricted)
rElec   .          Harm     .   (no cloak)
rCorr   .          Rampage  .   (gloves unavailable)
Will    .....                   (boots unavailable)
Stlth   +.........              (no amulet)
HPRegen 0.07/turn               (no ring)
MPRegen 0.11/turn               (no ring)

@: slow
A: very small, no large weapons, unfitting armour, see invisible, speed 3
a: no special abilities


You were in a sewer.
You visited 1 branch of the dungeon, and saw 4 of its levels.
You also visited: Sewer.

You collected 104 gold pieces.

Inventory:

Hand Weapons
 a - a +0 short sword
 p - a +1 quarterstaff of holy wrath (weapon)
Armour
 b - a +0 robe (worn)
Scrolls
 c - a scroll of blinking
 e - a scroll of amnesia {unknown}
 f - 5 scrolls of teleportation {unknown}
 g - 2 scrolls of butterflies {unknown}
 h - 3 scrolls of identify {unknown}
 i - 2 scrolls of enchant weapon {unknown}
 j - a scroll of vulnerability {unknown}
 k - a scroll of fear {unknown}
 l - a scroll of magic mapping {unknown}
Potions
 m - a potion of cancellation
 n - 3 potions of ambrosia {unknown}
 o - 2 potions of curing {unknown}


   Skills:
 + Level 1.7 Fighting
 + Level 3.1 Short Blades
 + Level 1.0 Throwing
 + Level 4.0 Dodging
 + Level 0.4 Stealth
 + Level 2.9 Spellcasting
 + Level 5.5 Translocations


You had 6 spell levels left.
You knew the following spells:

 Your Spells              Type           Power      Damage    Failure   Level
a - Blink                 Tloc           34%        N/A       3%          2

Your spell library contained the following spells:

 Spells                   Type           Power      Damage    Failure   Level
 Gell's Gravitas          Tloc           17%        N/A       7%          3
 Lesser Beckoning         Tloc           17%        N/A       7%          3
 Teleport Other           Tloc           17%        N/A       7%          3
 Scorch                   Fire           4%         2d5       32%         2
 Manifold Assault         Tloc           17%        N/A       52%         5
 Flame Wave               Conj/Fire      2%         2d4       91%         4
 Summon Cactus Giant      Summ           1%         N/A       100%        6


Dungeon Overview and Level Annotations

Branches:
Dungeon (4/15)              Sewer (1/1)
 Temple: D:4-7

Altars:


Innate Abilities, Weirdness & Mutations

You are very small and have problems with some larger weapons.
You are too small for most types of armour.
You have supernaturally acute eyesight. (SInv)
You cover ground extremely quickly. (Speed+++)


Message History

Your unstable footing causes you to fumble your attack.
The rat bites you. The river rat misses you.
Your unstable footing causes you to fumble your attack.
The rat misses you. The river rat closely misses you.
You hit the river rat.
The river rat is severely wounded.
The rat completely misses you. The river rat misses you.
You hit the river rat but do no damage.
The river rat is severely wounded.
The rat bites you. The river rat barely misses you.
You hit the river rat.
The river rat is severely wounded.
The rat misses you. The river rat closely misses you.
Your unstable footing causes you to fumble your attack.
The rat misses you. The river rat bites you!
* * * LOW HITPOINT WARNING * * *
You completely miss the river rat.
The river rat is severely wounded.
The rat barely misses you. The river rat misses you.
Casting: Blink (safe; 3% risk of failure)
Confirm with . or Enter, or press ? or * to list all spells.
You blink.
Splash!
You closely miss the river rat.
The river rat is severely wounded.
You feel stable enough to blink again. The river rat barely misses you.
A rat comes into view.
The rat bites you.
* * * LOW HITPOINT WARNING * * *
You enter the shallow water.
Moving in this stuff is going to be slow.
Your +1 quarterstaff of holy wrath softly glows with a divine radiance!
p - a +1 quarterstaff of holy wrath (weapon)
It was a potion of cancellation.
You feel magically purged.
A rat comes into view.
You enter the shallow water.
Moving in this stuff is going to be slow.
The river rat attacks as you move away! The river rat bites you.
You die...

. .# #.# #.# ##.#
########r########################
≈#≈~.~~~.~.~r....~~†.~~~~~...~~.~
≈#≈~.~.~~...~r.r@~.~~~.~~~~.~...~
#################################


You could see a river rat and 2 rats.

Vanquished Creatures
  2 adders
  A worm (D:2)
  2 orcs (D:4)
  5 endoplasms
  2 giant cockroaches (D:4)
  5 goblins
  3 hobgoblins
  2 kobolds (D:1)
  3 quokkas (D:1)
  8 ball pythons
  A bat (D:1)
  4 frilled lizards
  11 rats
  A spectral hobgoblin (D:1)
50 creatures vanquished.

Vanquished Creatures (others)
  6 fungi (D:1)
6 creatures vanquished.

Grand Total: 56 creatures vanquished

Notes
Turn   | Place    | Note
-------+----------+-------------------------------------------
     0 | D:1      | javelincjr the Spriggan Warper began the quest for the Orb.
     0 | D:1      | Reached XP level 1. HP: 10/10 MP: 5/5
   330 | D:1      | Found a faded altar of an unknown god.
   338 | D:1      | Reached skill level 5 in Translocations
   566 | D:1      | Reached XP level 2. HP: 10/14 MP: 6/6
  1531 | D:2      | Reached XP level 3. HP: 6/18 MP: 8/8
  2241 | D:4      | Noticed a wyvern
  2354 | D:4      | Noticed a necrophage
  2624 | D:4      | Learned a level 2 spell: Blink
  2936 | D:4      | Found a glowing drain.
  2944 | D:4      | Reached XP level 4. HP: 2/23 MP: 9/9
  2965 | Sewer    | Entered a sewer
  3313 | Sewer    | Slain by a river rat

Illustrated notes

Levels and vault maps discovered:
D:1:      dpeg_arrival_prison, layout_loops_cross,
          dreamdust_ecumenical_altar_drowned_temple
D:2:      layout_loops_ring, item_on_display_a
D:3:      layout_rooms, serial_curves, eino_curves_02, eino_curves_02
D:4:      layout_loops_ring, portal_sewer_entry_e
Sewer:    sewer_co_cracked_pipes

Skill      XL: |  1  2  3 |
---------------+----------+-----
Translocations | 5 |  5.5
Short Blades   | 3 |  3.1
Dodging        | 4 |  4.0
Fighting       | |  1.7
Throwing       | |  1.0
Stealth        | |  0.4
Spellcasting   | |  2.9

Action                   |  1- 3 |  4- 6 || total
-------------------------+-------+-------++-------
Melee: Short sword       |   217 |    27 ||   244
       Punch             |     1 |       ||     1
Throw: Boomerang         |     7 |       ||     7
 Cast: Blink             |     1 |     1 ||     2
  Use: Potion            |     1 |     1 ||     2
 Stab: Sleeping          |     2 |       ||     2
       Distracted        |     1 |       ||     1
Armor: Robe              |    13 |       ||    13
       Skin              |     5 |       ||     5
Dodge: Dodged            |   131 |    26 ||   157
